 Dungeon Crawl Stone Soup version 0.25-a0-378-gd2ca0b7745 (console) character file.

Game seed: 11492425499986549373, levelgen mode: deterministic

504 Kagalorn the Bolt Thrower (level 7, -13/57 HPs)
             Began as a Naga Arcane Marksman on Jan 7, 2020.
             Mangled by a +2 glaive of venom (25 damage)
             ... on level 1 of the Abyss.
             The game lasted 00:14:59 (4715 turns).

Kagalorn the Bolt Thrower (Naga Arcane Marksman)    Turns: 4715, Time: 00:15:00

Health: -13/57     AC:  5    Str: 15    XL:     7   Next: 17%
Magic:  7/7        EV: 10    Int: 13    God:
Gold:   311        SH:  0    Dex: 11    Spells: 7/8 levels left

rFire    . . .     SeeInvis +   b - +1 dagger (venom)
rCold    . . .     Gourm    .   (no shield)
rNeg     . . .     Faith    .   e - +0 robe
rPois    +         Spirit   .   m - +1 helmet
rElec    .         Reflect  .   (no cloak)
rCorr    .         Harm     .   (no gloves)
MR       .....                  (no barding)
Stlth    +.........             (no amulet)
HPRegen  0.19/turn              (no ring)
MPRegen  0.10/turn              (no ring)

@: about to teleport, very slow
A: large, see invisible, deformed body, low mp 1, poison resistance, slowness 2,
slow metabolism 1, spit poison 1, AC +2
a: Spit Poison


You were on level 1 of the Abyss.
You were hungry.

You visited 1 branch of the dungeon, and saw 5 of its levels.
You visited the Abyss 1 time.
You also visited: Sewer.

You collected 311 gold pieces.

Inventory:

Hand Weapons
 a - a +0 hand crossbow
 b - a +1 dagger of venom (weapon)
 l - a +1 vampiric short sword
 C - a +0 trident of piercing
Missiles
 d - 46 bolts
 t - 17 poisoned darts (quivered)
 v - 8 javelins
Armour
 e - a +0 robe (worn)
 m - a +1 helmet (worn)
 s - a +0 plate armour
Jewellery
 i - an uncursed ring of protection from cold {unknown}
 w - an uncursed ring of protection from magic {unknown}
Scrolls
 c - a scroll of blinking
 g - a scroll of teleportation
 h - a scroll of amnesia
 o - a scroll of enchant armour
 q - 2 scrolls of fear
 u - 3 scrolls of identify {unknown}
 y - a scroll of remove curse {unknown}
 A - a scroll of magic mapping {unknown}
Potions
 j - 2 potions of cancellation {unknown}
 k - 2 potions of brilliance {unknown}
 n - 2 potions of curing {unknown}
 p - a potion of lignification {unknown}
 r - a potion of haste {unknown}
 x - 3 potions of flight {unknown}
 B - 2 potions of heal wounds {unknown}
Comestibles
 f - 10 rations


   Skills:
 - Level 1.0 Fighting
 * Level 6.9 Crossbows
 - Level 1.5 Dodging
 - Level 1.0 Spellcasting
 - Level 3.0 Hexes


You had 7 spell levels left.
You knew the following spells:

 Your Spells              Type           Power        Failure   Level  Hunger
b - Confusing Touch       Hex            #.....       9%          1    ##.....

Your spell library contained the following spells:

 Spells                   Type           Power        Failure   Level  Hunger
 Corona                   Hex            #......      9%          1    ##.....
 Slow                     Hex            #.......     12%         2    ###....
 Animate Skeleton         Necr           N/A          28%         1    ##.....
 Apportation              Tloc           #.....       28%         1    ##.....
 Summon Small Mammal      Summ           #...         28%         1    ##.....
 Inner Flame              Hex/Fire       #.......     41%         3    ####...
 Portal Projectile        Hex/Tloc       #.....       41%         3    ####...
 Cause Fear               Hex            #.........   63%         4    #####..
 Leda's Liquefaction      Hex/Erth       #.........   83%         4    #####..


Dungeon Overview and Level Annotations

Branches:
Dungeon (5/15)              Sewer (visited)
 Temple: D:4-7

Altars:
Dithmenos
Makhleb
Qazlal
Ru
The Shining One


Innate Abilities, Weirdness & Mutations

You cannot wear boots.
Your serpentine skin is tough. (AC +2)
You have supernaturally acute eyesight. (SInv)
Armour fits poorly on your strangely shaped body.
Your system is resistant to poisons. (rPois)
You cover ground very slowly.
You have a slow metabolism.
You can spit poison.
Your magical capacity is low. (-10% MP)


Message History

Found a gateway leading deeper into the Abyss.
Found 7 gold pieces.
You now have 311 gold pieces (gained 7).
There is a gateway leading deeper into the Abyss here.
Found a scroll labeled BEMUMANIAKU.
u - 3 scrolls labeled BEMUMANIAKU (gained 1)
Okay, then.
Found a ration.
A +2 glaive of venom comes into view.
A small abomination comes into view.
As you read the scroll of teleportation, it crumbles to dust.
You feel strangely unstable.
You feel the power of the Abyss delaying your translocation!
The +2 glaive of venom barely misses you.
The +2 glaive of venom hits you from afar!!
The +2 glaive of venom barely misses you.
The +2 glaive of venom hits you from afar!
* * * LOW HITPOINT WARNING * * *
The +2 glaive of venom hits you from afar!!
You die...

### #.. #.# #..#
####.###..#### #
.....##.....## #
##.#............##
#.......≈.....@..#
...................#
...........%..(....#
##................#
#......#...x.....# #
#. .........#....# .
##..............##
.........##.....## .
.#.##.##..#####


You could see a small abomination and a +2 glaive of venom.

Vanquished Creatures
  Purgy (Sewer)
  A scorpion (D:4)
  2 hounds (D:4)
  An orc priest (D:4)
  2 worker ants (D:5)
  Robin (D:2)
  6 adders
  4 worms (D:3)
  2 dart slugs (D:3)
  8 leopard geckos
  19 orcs
  5 giant cockroaches
  13 goblins
  12 hobgoblins
  6 jackals
  3 quokkas
  12 bats
  5 frilled lizards
  8 kobolds
  A leopard gecko skeleton (D:4)
  8 rats
120 creatures vanquished.

Notes
Turn   | Place    | Note
-------+----------+-------------------------------------------
     0 | D:1      | Kagalorn the Naga Arcane Marksman began the quest for the
                  | Orb.
     0 | D:1      | Reached XP level 1. HP: 18/18 MP: 2/2
    49 | D:1      | Reached skill level 2 in Crossbows
   450 | D:1      | Reached XP level 2. HP: 22/25 MP: 3/3
  1034 | D:2      | Reached skill level 3 in Crossbows
  1069 | D:2      | Reached XP level 3. HP: 26/31 MP: 4/4
  1134 | D:2      | Noticed Robin
  1139 | D:2      | Killed Robin
  1346 | D:2      | Learned a level 1 spell: Confusing Touch
  1430 | D:2      | Reached XP level 4. HP: 38/38 MP: 5/5
  1586 | D:2      | Reached skill level 4 in Crossbows
  1859 | D:3      | Found a burning altar of Makhleb.
  2178 | D:3      | Found a shadowy altar of Dithmenos.
  2208 | D:3      | Reached XP level 5. HP: 34/44 MP: 4/6
  2880 | D:3      | Reached skill level 5 in Crossbows
  2980 | D:3      | Found a stormy altar of Qazlal.
  2984 | D:3      | Found a sacrificial altar of Ru.
  3061 | D:4      | Got a fine war axe
  3062 | D:4      | Identified the +5 war axe "Pukhudeg" {distort, rF+ rC+ MR+}
                  | (You found it on level 4 of the Dungeon)
  3096 | D:4      | Gained mutation: Your magical capacity is low. (-10% MP)
                  | [mutagenic glow]
  3110 | D:4      | Found a glowing drain.
  3151 | Sewer    | Entered a sewer
  3327 | Sewer    | Noticed Purgy
  3349 | Sewer    | Killed Purgy
  3349 | Sewer    | Reached skill level 6 in Crossbows
  3349 | Sewer    | Reached XP level 6. HP: 19/51 MP: 6/6
  3956 | D:4      | Found a glowing golden altar of the Shining One.
  4134 | D:5      | Entered Level 5 of the Dungeon
  4427 | D:4      | Reached XP level 7. HP: 41/57 MP: 7/7
  4656 | D:5      | Cast into level 1 of the Abyss (orc)
  4702 | Abyss:1  | Noticed a +2 glaive of venom
  4703 | Abyss:1  | Noticed a small abomination
  4715 | Abyss:1  | Mangled by a +2 glaive of venom

Levels and vault maps discovered:
D:1:      psy_arrival_conway, layout_basic, chequers_mini_garden
D:2:      layout_rooms, first_ration, minmay_misc_feat_ornament, uniq_robin
D:3:      layout_basic, grunt_dithmenos_smoke, lemuel_doored_altar, minitemple,
          minmay_between
D:4:      layout_cave_pools, nicolae_tso_carved_into_rock, portal_sewer_entry_f,
          minmay_misc_feat_room, kennysheep_generic_room_7
D:5:      layout_cave_pools, serial_shops, shop, trog_hazing_becter,
          uniq_duvessa
Abyss:1:  base: D:2, hangedman_illusive_loot

Skill      XL: |  1  2  3  4  5 |
---------------+----------------+-----
Crossbows      | 2 3 4 6 |  6.9
Fighting       | |  1.0
Dodging        | |  1.5
Spellcasting   | |  1.0
Hexes          | |  3.0

Action                   |  1- 3 |  4- 6 |  7- 9 || total
-------------------------+-------+-------+-------++-------
Melee: Short sword       |    43 |       |       ||    43
       Dagger            |    24 |   190 |    20 ||   234
 Fire: Hand crossbow     |     1 |     1 |       ||     2
Throw: Dart              |       |     6 |       ||     6
 Cast: Confusing Touch   |     1 |     7 |       ||     8
 Abil: Spit Poison       |    29 |    64 |     8 ||   101
  Use: Scroll            |       |     5 |     1 ||     6
 Stab: Sleeping          |     1 |     2 |       ||     3
       Confused          |       |     2 |       ||     2
  Eat: Chunk             |     3 |    12 |       ||    15
Armor: Robe              |    15 |    59 |     6 ||    80
Dodge: Dodged            |    56 |   101 |    12 ||   169

Table legend:
 A = Non-vault XP
 B = Vault XP
 C = Vault XP percentage of total XP
 D = Non-vault monster count
 E = Vault monster count
 F = Vault count percentage of total count
                 A         B        C        D         E       F
            +---------+---------+-------+---------+---------+-------
      Total |     424 |     296 |  41.1 |      93 |      27 |  22.5
            +---------+---------+-------+---------+---------+-------
        D:1 |      29 |       0 |   0.0 |      18 |       0 |   0.0
        D:2 |      41 |      35 |  46.1 |      12 |      11 |  47.8
        D:3 |     107 |      21 |  16.4 |      36 |       4 |  10.0
        D:4 |     164 |      89 |  35.2 |      18 |       6 |  25.0
        D:5 |      83 |       0 |   0.0 |       9 |       0 |   0.0
      Sewer |       0 |     151 | 100.0 |       0 |       6 | 100.0
            +---------+---------+-------+---------+---------+-------
